[Event "*** Titled Tuesday Blitz"]
[Site "Chess.com"]
[Date "2020.04.21"]
[Round "3"]
[White "Grineva_Marianna"]
[Black "AshotParvanyan"]
[Result "0-1"]
[WhiteElo "2181"]
[BlackElo "2514"]
[TimeControl "180+1"]
[EndTime "10:29:11 PDT"]
[Termination "AshotParvanyan won by resignation"]

1. d4 Nf6 2. c4 g6 3. Nc3 Bg7 4. e4 d6 5. f3 O-O 6. Bg5 c5 7. d5 e6 8. Qd2 exd5 9. Nxd5 Be6 10.
Nc3 Nc6 11. Bd3 Ne5 12. b3 Qa5 13. Nge2 Nfd7 14. Be7 Rfe8 15. Bxd6 Rad8 16. Rd1 Nxd3+ 17. Qxd3 Ne5 18. Qc2 Nc6 19. O-O Nd4 20. Nxd4 Bxd4+ 21. Rxd4 cxd4 22. Nb5 d3 23. Qf2 Rc8 24. Rd1 a6 25. Nd4 Rcd8 26. Bf4 Qb6 27. Be3 Qc7 28. Rxd3 b5 29.
cxb5 axb5 30. h3 Bc8 31. Ne2 Rxd3 32. Nf4 Rd1+ 33. Kh2 g5 34. Qg3 h6 35. h4 Qe5 36.
hxg5 hxg5 37. Ne2 Qxg3+ 38. Nxg3 Re1 39. Bxg5 Be6 40. Bd2 Rd1 41. Bb4 Rc8 42. Nf5 Bxf5 43. exf5 Rc2 44. Kg3 Rxa2 0-1

[Event "*** Titled Tuesday Blitz"]
[Site "Chess.com"]
[Date "2020.04.21"]
[Round "3"]
[White "arjwezhrtdrz"]
[Black "scaryninja"]
[Result "0-1"]
[WhiteElo "2158"]
[BlackElo "2511"]
[TimeControl "180+1"]
[EndTime "10:29:11 PDT"]
[Termination "scaryninja won by resignation"]

1. e4 e5 2. Nf3 Nc6 3. Nc3 Nf6 4. Bb5 Bb4 5. O-O O-O 6. d3 d6 7.
Bg5 Bxc3 8. bxc3 h6 9. Bh4 Bd7 10. Rb1 a6 11. Bc4 b5 12. Bb3 Be6 13. h3 Bxb3 14.
axb3 Nb8 15. Bxf6 Qxf6 16. Nh2 Nd7 17. Ra1 c5 18. Qg4 Qe6 19. f4 exf4 20. Rxf4 Qe5 21. Raf1 Rad8 22. c4 h5 23. Qf3 Nf6 24. Kh1 bxc4 25. bxc4 a5 26. Rf5 Qd4 27. Qg3 Kh8 28. Nf3 Qc3 29. Nh4 Rg8 30. R5f2 Nxe4 31. Qf3 Nxf2+ 32. Rxf2 g6 33. Qxf7 Qg7 34. Qd5 Rdf8 35. Re2 a4 36. Nf3 a3 37. Re1 a2 38. d4 cxd4 39. Nxd4 Rf4 40. c3 Qf6 41. Kh2 Rf1 42. Rxf1 Qxf1 43. Qxd6 a1=Q 44. Qe5+ Kh7 45. Ne6 Qg1+ 0-1

[Event "*** Titled Tuesday Blitz"]
[Site "Chess.com"]
[Date "2020.04.21"]
[Round "3"]
[White "DonBroca"]
[Black "Frogo47"]
[Result "0-1"]
[WhiteElo "2112"]
[BlackElo "2493"]
[TimeControl "180+1"]
[EndTime "10:29:11 PDT"]
[Termination "Frogo47 won by resignation"]

1. e4 e5 2. Nf3 Nc6 3. Bb5 a6 4. Ba4 Nf6 5. O-O b5 6. Bb3 Be7 7. Re1 O-O 8. h3 d6 9. c3 Na5 10. Bc2 d5 11. exd5 e4 12. Bxe4 Nxe4 13. Rxe4 Bb7 14.
d3 Bxd5 15. Re1 c5 16. Bf4 Nc6 17. Nbd2 Bf6 18. Ne4 Be7 19. Qc2 Rc8 20. Rad1 h6 21. d4 c4 22. Ne5 Re8 23. Ng3 Bf8 24. Qf5 Be6 25. Qh5 Qd5 26. Nxc6 Qxc6 27. d5 Bxd5 28. Rxe8 Rxe8 29. Qxd5 Re1+ 30. Kh2 Qxd5 31. Rxd5 Rb1 32. Rd2 g6 33. Ne4 f5 34. Nf6+ Kf7 35. Nd7 Be7 36. Be5 Ke6 37. Bg3 g5 38. Nb6 f4 39. Re2+ Kf7 40.
Bxf4 gxf4 41. Nd5 Bd6 42. Re4 Kg6 43. Nxf4+ Kf5 44. Rd4 Bxf4+ 45. g3 Be5 46. Rd5 Ke4 47. Rc5 Rxb2 48. Kg2 Bxc3 49. Rc8 Bd4 50. Re8+ Kd3 51. Re1 Rxf2+ 52. Kh1 Rd2 53. Re6 c3 0-1

[Event "*** Titled Tuesday Blitz"]
[Site "Chess.com"]
[Date "2020.04.21"]
[Round "3"]
[White "Zoffy13"]
[Black "Olga_Girya"]
[Result "0-1"]
[WhiteElo "2224"]
[BlackElo "2468"]
[TimeControl "180+1"]
[EndTime "10:29:11 PDT"]
[Termination "Olga_Girya won on time"]

1. d4 d5 2. Nf3 Nf6 3. c4 c6 4. Nc3 dxc4 5. a4 Bf5 6. Ne5 Nbd7 7. Nxc4 Nb6 8. Ne5 a5 9. f3 Nfd7 10. Nd3 Bxd3 11. Qxd3 e5 12. dxe5 Nxe5 13. Qe4 Qe7 14. Bf4 Ng6 15. Qxe7+ Bxe7 16. Bc7 Nd7 17. e4 Bb4 18. Bc4 Nge5 19. Be2 Rc8 20. Bxe5 Nxe5 21.
O-O O-O 22. Rfd1 Rcd8 23. Kf2 g6 24. f4 Nd7 25. Rd2 Bxc3 26. bxc3 Nc5 27. Rxd8 Rxd8 28. Ke3 f6 29. g3 Kf7 30. Rb1 Rd7 31. Rd1 Re7 32. Rd4 Ne6 33. Rd6 Nc5 34. Rd4 Ke8 35. Rc4 Ne6 36. Kf3 Rd7 37. Ke3 Ke7 38. Bg4 Rd6 39. Bxe6 Kxe6 40. Rd4 b5 41. axb5 cxb5 42. f5+ gxf5 43. exf5+ Ke5 44. Re4+ Kxf5 45. Re8 Re6+ 46. Rxe6 Kxe6 47. Kd4 a4 0-1

[Event "*** Titled Tuesday Blitz"]
[Site "Chess.com"]
[Date "2020.04.21"]
[Round "3"]
[White "grunbergmihai"]
[Black "mishanick"]
[Result "0-1"]
[WhiteElo "2371"]
[BlackElo "3054"]
[TimeControl "180+1"]
[EndTime "10:29:12 PDT"]
[Termination "mishanick won by resignation"]

1. Nf3 d5 2. c4 d4 3. e3 Nc6 4. d3 Nf6 5. exd4 Nxd4 6. Be3 Nxf3+ 7. Qxf3 g6 8. Nc3 Bg7 9. d4 O-O 10. h3 c6 11. Be2 Be6 12. O-O Qa5 13. Rfd1 Rad8 14.
a3 Rfe8 15. b4 Qc7 16. Rac1 Qd7 17. Rd2 a6 18. Rcd1 Qc8 19. d5 cxd5 20. Nxd5 Nxd5 21. cxd5 Bf5 22. g4 Bd7 23. Bb6 Ba4 24. Bxd8 Bxd1 25.
Rxd1 Rxd8 26. Qe4 Bf6 27. Bc4 b5 28. Bb3 Qc7 29. Kg2 Rd6 30. Rd2 Qc3 31. Qd3 Qc1 32. a4 Qa3 33. axb5 axb5 34. Ra2 Qxb4 35. Ra8+ Kg7 36.
Rb8 Qf4 37. Qf3 Qxf3+ 38. Kxf3 Bd4 39. Ke2 Bb6 40. f4 b4 41. Rb7 Kf8 42. Rb8+ Kg7 43.
Rb7 Rf6 44. Rxe7 Bc5 45. Rc7 Bd6 46. Rc6 Bxf4 47. Rxf6 Kxf6 48. Kf3 Bd6 49. h4 Ke5 50. Ke3 f5 51. gxf5 gxf5 52. Kf3 Kd4 53. Bc2 Ke5 54.
h5 h6 55. Ke3 f4+ 56. Kf3 Kxd5 57. Bb3+ Kd4 58. Kg4 Kc3 59. Bd5 b3 0-1

[Event "*** Titled Tuesday Blitz"]
[Site "Chess.com"]
[Date "2020.04.21"]
[Round "3"]
[White "MathiasWomacka"]
[Black "LittlePeasant"]
[Result "0-1"]
[WhiteElo "2453"]
[BlackElo "2784"]
[TimeControl "180+1"]
[EndTime "10:29:13 PDT"]
[Termination "LittlePeasant won on time"]

1. e4 c6 2. d4 d5 3. Nd2 dxe4 4.
Nxe4 Nf6 5. Nxf6+ exf6 6. Bc4 Bd6 7. Qe2+ Qe7 8. Qxe7+ Kxe7 9. Ne2 b5 10. Bd3 Be6 11. Bf4 Nd7 12. O-O Nb6 13. Rfe1 Rad8 14. Bxd6+ Kxd6 15. c3 Rhe8 16. b3 a5 17. Rac1 Kc7 18.
Nf4 h6 19. Nh5 Rg8 20. Bh7 Rh8 21. Be4 Rhg8 22. Bh7 Rh8 23. Bb1 Rdg8 24. f3 a4 25. Nf4 Re8 26. Nh5 Reg8 27. Bc2 axb3 28. axb3 Nd7 29.
Ra1 g6 30. Nf4 Kd6 31. Bxg6 Bxb3 32. Bf5 Ra8 33. Kf2 Nb6 34. Nh5 Nd5 35. Be4 Nxc3 36.
Rxa8 Rxa8 37. Nxf6 Ra2+ 38. Kg3 Ne2+ 39. Kh4 Nxd4 40.
g4 b4 41. Bd3 Nxf3+ 42. Kg3 Nxe1 43. Ne4+ Kc7 0-1

[Event "*** Titled Tuesday Blitz"]
[Site "Chess.com"]
[Date "2020.04.21"]
[Round "3"]
[White "ahachess"]
[Black "Saxar85"]
[Result "0-1"]
[WhiteElo "2366"]
[BlackElo "2586"]
[TimeControl "180+1"]
[EndTime "10:29:13 PDT"]
[Termination "Saxar85 won by resignation"]

1. d4 g6 2. c4 Bg7 3. e4 d6 4. Nc3 Nc6 5. d5 Nd4 6. Be3 c5 7. dxc6 Nxc6 8. Qd2 Nf6 9. f3 O-O 10. Nge2 Ne5 11. Nd4 Be6 12. b3 a6 13. Be2 Bd7 14.
O-O Re8 15. Rac1 Rc8 16. Rfd1 Qa5 17. Rc2 Nc6 18. Nd5 Qxd2 19. Rdxd2 Nxd5 20. exd5 Nb4 21. Rc1 Nxd5 22. Bg5 h6 23. Bh4 Nf4 24. Bf1 g5 25. Bf2 b5 26. g3 Ng6 27. Re1 bxc4 28. Bxc4 a5 29. Rde2 Ne5 30. Bd5 Nd3 31. Rd1 Nxf2 32. Kxf2 e6 33. Be4 d5 34. Bb1 a4 35. f4 axb3 36.
axb3 Rc3 37. fxg5 hxg5 38. Re3 Rec8 39. Nf3 g4 40. Ne1 Rxe3 41. Kxe3 Rc3+ 42. Bd3 Rxb3 43. Kf4 e5+ 44. Kg5 e4 45. Be2 d4 46. Bxg4 Rb5+ 47.
Kh4 Bf6+ 48. Kh3 Rh5+ 0-1

[Event "*** Titled Tuesday Blitz"]
[Site "Chess.com"]
[Date "2020.04.21"]
[Round "3"]
[White "ALEXJR20"]
[Black "Milchone1"]
[Result "0-1"]
[WhiteElo "2242"]
[BlackElo "2477"]
[TimeControl "180+1"]
[EndTime "10:29:13 PDT"]
[Termination "Milchone1 won by checkmate"]

1. d4 Nf6 2. c4 g6 3. Nf3 Bg7 4.
Nc3 O-O 5. e4 d6 6. Be2 c5 7.
O-O Bg4 8. Be3 Nfd7 9. h3 Bxf3 10. Bxf3 Nc6 11. d5 Nd4 12. Bxd4 cxd4 13. Ne2 Qb6 14. Rb1 Ne5 15. b3 a5 16. Nc1 a4 17. Nd3 axb3 18. axb3 Ra2 19. g4 Rfa8 20. Bg2 R8a3 21. f4 Nxd3 22. Qxd3 Qb4 23. Rfd1 Qc3 24. Kh2 Qxd3 25.
Rxd3 Rc2 26. Kg3 h6 27. h4 b6 28. Bf3 Rc3 29. Rxc3 dxc3 30. Bd1 Ra2 31. Rc1 Bd4 32.
Bc2 Be3 33. Bb1 Rb2 34. Rxc3 Bd2 35. Rc2 Be1+ 36. Kf3 Rxb1 37. e5 Rxb3+ 38. Ke4 Bxh4 39. c5 bxc5 40. Ra2 Rb4+ 41. Ke3 dxe5 42. fxe5 Bg5+ 43. Kd3 Rd4+ 44. Kc3 Rxd5 45. Kc4 Rxe5 46. Ra8+ Kg7 47. Kd3 e6 48. Rc8 Rd5+ 49. Kc4 Rd4+ 50. Kxc5 Rxg4 51. Kd6 h5 52. Ke5 h4 53. Rc3 Rg3 54. Rc2 h3 55. Rh2 Kh6 56. Ke4 Kh5 57.
Kd4 Kh4 58. Ke4 Rg2 59. Rh1 h2 60. Kf3 Kh3 61. Rf1 Rg1 62. Rf2 h1=Q+ 63. Ke2 Qe4# 0-1

[Event "*** Titled Tuesday Blitz"]
[Site "Chess.com"]
[Date "2020.04.21"]
[Round "3"]
[White "tonyq11"]
[Black "Embrujada"]
[Result "1-0"]
[WhiteElo "2248"]
[BlackElo "2449"]
[TimeControl "180+1"]
[EndTime "10:29:14 PDT"]
[Termination "tonyq11 won on time"]

1. d4 d6 2. c4 e5 3. Nc3 exd4 4. Qxd4 Nc6 5. Qd2 Nf6 6. b3 g6 7. Bb2 Bg7 8. Nf3 O-O 9. e3 Re8 10. Be2 Bf5 11. O-O Qd7 12. Rfe1 Rad8 13. Rad1 a6 14. Nd4 Nxd4 15. exd4 d5 16. Bf3 Ne4 17. Bxe4 dxe4 18. d5 b5 19. Ne2 e3 20. fxe3 Bxb2 21.
Qxb2 Rxe3 22. Nd4 Rde8 23. Qf2 Rxe1+ 24. Rxe1 Be4 25. Qf4 f5 26. Ne6 c6 27. Nc5 Qa7 28. Qf2 bxc4 29. Nxe4 Qxf2+ 30. Kxf2 fxe4 31. dxc6 c3 32. Rc1 e3+ 33. Ke2 Rc8 34. Rxc3 Kf7 35. Kxe3 Ke6 36.
a3 Kd5 37. b4 Re8+ 38. Kf4 Re4+ 39. Kf3 Re8 40. c7 Rc8 41. Kf4 Kd4 42. Rc1 Kd5 43.
Kg5 Kd6 44. Kh6 1-0

[Event "*** Titled Tuesday Blitz"]
[Site "Chess.com"]
[Date "2020.04.21"]
[Round "3"]
[White "AlexandraBotez"]
[Black "ARMQUEEN"]
[Result "0-1"]
[WhiteElo "2088"]
[BlackElo "2335"]
[TimeControl "180+1"]
[EndTime "10:29:14 PDT"]
[Termination "ARMQUEEN won by resignation"]

1. d4 Nf6 2. c4 c5 3. d5 e6 4. Nc3 exd5 5. cxd5 d6 6. Nf3 g6 7. h3 Bg7 8. Bf4 a6 9. a4 O-O 10. e3 Re8 11. Be2 Ne4 12. Qc2 Bf5 13. Nxe4 Bxe4 14. Qd2 Qb6 15. O-O Nd7 16. Ng5 Nf6 17. Rad1 Bxd5 18.
a5 Qc6 19. e4 Bb3 20. Rc1 h6 21. Bxd6 hxg5 22. e5 Ne4 23. Qe3 Nxd6 24. Qxb3 Rxe5 25. Bf3 Qc7 26. Rfd1 Nb5 27. Rd2 Rae8 28. g3 Nd4 29.
Qc3 Re1+ 30. Rxe1 Rxe1+ 31. Kg2 Re5 32. Rxd4 Re8 33. Re4 Bxc3 34. Rxe8+ Kg7 35. bxc3 Qxa5 36. Re3 b5 37. Bd5 Qd8 38. c4 b4 39. Rf3 f5 40.
Re3 a5 41. Re6 a4 42. Ra6 a3 43. Ra7+ Kf6 44. f4 Qe8 45. Ra6+ Kg7 46. Ra7+ Kh8 47. Kf2 gxf4 48. gxf4 Qb8 49. Rf7 Qxf4+ 50. Ke2 Qe5+ 51. Kd3 a2 52. Ra7 a1=Q 0-1

[Event "*** Titled Tuesday Blitz"]
[Site "Chess.com"]
[Date "2020.04.21"]
[Round "3"]
[White "maxip32"]
[Black "artooon"]
[Result "0-1"]
[WhiteElo "2414"]
[BlackElo "2644"]
[TimeControl "180+1"]
[EndTime "10:29:15 PDT"]
[Termination "artooon won on time"]

1. e4 e5 2. Nf3 Nc6 3. Bc4 Nf6 4. d3 Bc5 5. O-O d6 6. c3 O-O 7. a4 a6 8. Na3 h6 9. Nc2 Ba7 10. Be3 Ne7 11. Bxa7 Rxa7 12. Re1 Ng6 13. a5 Nf4 14. d4 Qe7 15. d5 Bg4 16. Ne3 Bh5 17. Nf5 Qd7 18. Ng3 Bg6 19. Bf1 N6h5 20. c4 f5 21. Nxf5 Bxf5 22. exf5 Qxf5 23. Ra3 Raa8 24. Kh1 Rae8 25.
Rae3 Nf6 26. h3 Qh5 27. Nd2 Qf5 28. Ne4 Nxe4 29. Rxe4 Rf7 30. Qg4 Qf6 31. g3 Ng6 32. R1e2 Ref8 33. Bg2 Re7 34. R4e3 e4 35. Bxe4 Ne5 36.
Qh4 Qxh4 37. gxh4 Rf4 38. h5 Kf7 39. Kg2 Kf6 40. b3 Kg5 41. Bf3 Ref7 42. Bg4 Nxg4 43.
hxg4 Rxg4+ 44. Kf1 Kxh5 45. Re7 Rgf4 46. Kg2 Kg5 47.
R2e6 h5 48. f3 Rxf3 0-1

[Event "*** Titled Tuesday Blitz"]
[Site "Chess.com"]
[Date "2020.04.21"]
[Round "3"]
[White "chess4life23"]
[Black "vpsetter"]
[Result "1-0"]
[WhiteElo "2430"]
[BlackElo "2599"]
[TimeControl "180+1"]
[EndTime "10:29:15 PDT"]
[Termination "chess4life23 won on time"]

1. d4 Nf6 2. c4 e6 3. Nf3 d5 4.
Nc3 Be7 5. Bg5 h6 6. Bxf6 Bxf6 7. e3 O-O 8. Qc2 dxc4 9. Bxc4 Nd7 10. O-O-O Nb6 11.
Bb3 Nd5 12. e4 Nxc3 13. Qxc3 b6 14. e5 Bg5+ 15. Kb1 Bb7 16. h4 Be4+ 17. Ka1 Be7 18. Qe3 Bh7 19. d5 Bc5 20. Qf4 Qe7 21. Ng5 exd5 22.
Bxd5 Rad8 23. Bxf7+ Kh8 24. Rxd8 Qxd8 25. e6 Bc2 26. Nf3 Bd6 27. Qd2 Bf5 28. Re1 Be7 29.
Qxd8 Rxd8 30. h5 Rd3 31. Ne5 Rd2 32. g4 Bh7 33. Bg6 Bg8 34. Nf7+ Bxf7 35. exf7 Bf8 36. a3 1-0

[Event "*** Titled Tuesday Blitz"]
[Site "Chess.com"]
[Date "2020.04.21"]
[Round "3"]
[White "JoachimMouhamad"]
[Black "KafkaesqueKnight"]
[Result "1-0"]
[WhiteElo "2359"]
[BlackElo "2133"]
[TimeControl "180+1"]
[EndTime "10:29:15 PDT"]
[Termination "JoachimMouhamad won on time"]

1. e4 c5 2. Nf3 d6 3. d4 cxd4 4.
Nxd4 Nf6 5. Nc3 a6 6. f3 e5 7. Nb3 Be6 8. Be3 Be7 9. Qd2 Nbd7 10. O-O-O b5 11. g4 Nb6 12. Qf2 Nc4 13. Bxc4 bxc4 14. Nc5 Qc7 15. Nxe6 fxe6 16. g5 Nd7 17. f4 O-O 18. f5 Rab8 19. Rhg1 Qb7 20. b3 cxb3 21. axb3 d5 22. f6 Ba3+ 23. Kb1 d4 24. Bxd4 exd4 25. Qxd4 Nc5 26. g6 h6 27. fxg7 Rfd8 28. Qf6 Nxb3 29. Qf7+ Qxf7 30. gxf7+ Kxf7 31. cxb3 Rxd1+ 32. Nxd1 Rg8 33.
Nc3 Rxg7 34. Rxg7+ Kxg7 35. Kc2 Bd6 36. h3 Kf6 37.
Kd3 Ke5 38. Ne2 Bc5 39. Kc4 Bf2 40. Kd3 Be1 41. Nd4 Bf2 42. Nf3+ Kf4 43. Nh2 1-0

[Event "*** Titled Tuesday Blitz"]
[Site "Chess.com"]
[Date "2020.04.21"]
[Round "3"]
[White "WiktoriaPOL"]
[Black "GMJustin"]
[Result "0-1"]
[WhiteElo "2058"]
[BlackElo "2330"]
[TimeControl "180+1"]
[EndTime "10:29:15 PDT"]
[Termination "GMJustin won on time"]

1. c4 e5 2. Nc3 Bc5 3. Nf3 d6 4. e3 c6 5. d4 exd4 6. exd4 Bb6 7. Bd3 Ne7 8. O-O Bf5 9. Re1 Bxd3 10. Qxd3 O-O 11. Ng5 Ng6 12. Be3 Nd7 13. f4 Nf6 14. Nge4 Ng4 15. Bd2 d5 16. cxd5 cxd5 17. Ng3 Rc8 18. h3 Nf6 19. f5 Ne7 20. Bg5 Nc6 21.
Bxf6 Qxf6 22. Nxd5 Qxd4+ 23. Qxd4 Bxd4+ 24. Kh1 Bxb2 25. Rab1 Be5 26. Ne2 Rfd8 27. Nef4 b6 28. Rbc1 Bxf4 29. Nxf4 Kf8 30. g4 Nd4 31. Rxc8 Rxc8 32. Rd1 Nf3 33. Kg2 Ne5 34. Rd2 g5 35. fxg6 hxg6 36. g5 Rc4 37.
Kg3 Ra4 38. Nd5 Ra3+ 39. Kg2 Nc4 40. Rc2 Ne3+ 41. Nxe3 Rxe3 42. Rc8+ Kg7 43. Kf2 Rxh3 0-1

[Event "*** Titled Tuesday Blitz"]
[Site "Chess.com"]
[Date "2020.04.21"]
[Round "3"]
[White "Nitzan_Steinberg"]
[Black "RaphaeI"]
[Result "0-1"]
[WhiteElo "2838"]
[BlackElo "2648"]
[TimeControl "180+1"]
[EndTime "10:29:17 PDT"]
[Termination "RaphaeI won by resignation"]

1. e4 c5 2. Nf3 Nc6 3. d4 cxd4 4. Nxd4 Nf6 5. Nc3 e5 6. Ndb5 d6 7. Nd5 Nxd5 8. exd5 Nb8 9. a4 Be7 10. Be2 O-O 11. O-O Nd7 12. Kh1 f5 13. f4 a6 14. Na3 Nc5 15. Nc4 exf4 16. Bxf4 a5 17. Ra3 b6 18. h3 Ba6 19. Bh2 g6 20. Ne3 Bg5 21. Bxa6 Bxe3 22. Bb5 f4 23. c3 Ra7 24. Ra1 Raf7 25. Qg4 Qf6 26. Rae1 h5 27. Qd1 Qh4 28.
Qc2 Kg7 29. b4 Nd7 30. Bxd7 Rxd7 31. Qd3 Rdf7 32. Bg1 Bxg1 33. Kxg1 f3 34. Re4 Qg3 35. Rf2 Qg5 36. Qd4+ Kh7 37. h4 Qc1+ 38. Rf1 f2+ 39. Qxf2 Qxf1+ 40. Qxf1 Rxf1+ 41. Kh2 axb4 42. cxb4 Ra1 43.
b5 Rf5 44. Re7+ Kh6 45. Rb7 Rxd5 46. Rxb6 Rxa4 47. Rb8 Rb4 48. b6 Rdb5 49. Rh8+ Kg7 50. Rd8 Rxb6 51. Rd7+ Kf6 0-1

[Event "*** Titled Tuesday Blitz"]
[Site "Chess.com"]
[Date "2020.04.21"]
[Round "3"]
[White "MikeSailer"]
[Black "Schachmalanders"]
[Result "1-0"]
[WhiteElo "2141"]
[BlackElo "2333"]
[TimeControl "180+1"]
[EndTime "10:29:17 PDT"]
[Termination "MikeSailer won by resignation"]

1. d4 d5 2. Bf4 c6 3. e3 Bf5 4.
Nf3 e6 5. Be2 Nd7 6. O-O h6 7.
c4 Ngf6 8. Nbd2 Be7 9. h3 O-O 10.
a3 dxc4 11. Nxc4 Ne4 12. Rc1 Ndf6 13. Nfe5 Nd6 14. Nd2 Bh7 15. f3 Nd5 16. Nd3 Bg5 17.
Bxg5 Qxg5 18. f4 Qe7 19. Rf3 Ne4 20. Nc5 Nxd2 21. Qxd2 Rac8 22. Bd3 b6 23. Bxh7+ Kxh7 24.
Nd3 Nf6 25. Ne5 c5 26. dxc5 Rxc5 27. Rxc5 Qxc5 28. Kh2 Rc8 29. Nxf7 Qc2 30. Qxc2+ Rxc2 31. Nd8 Rxb2 32. Nxe6 Ra2 33. Rg3 g6 34. Nf8+ Kg7 35. Ne6+ Kf7 36. Nd8+ Kg7 37. Ne6+ Kf7 38. Nd8+ Ke7 39.
Rxg6 Rxa3 40. Nc6+ Kf7 41. Rxh6 b5 42. Ne5+ Ke7 43.
Rg6 b4 44. Rg7+ Ke8 45. Rb7 a5 46. g4 Rxe3 47. g5 Nd5 48. g6 Nf6 49. Ng4 Re6 50. f5 Re2+ 51. Kg3 Nxg4 52. hxg4 Kf8 53. f6 a4 54.
Rb8+ Re8 55. g7+ Kf7 56. Rxe8 Kxe8 57. g8=Q+ 1-0

[Event "*** Titled Tuesday Blitz"]
[Site "Chess.com"]
[Date "2020.04.21"]
[Round "3"]
[White "Artem_Sadovsky"]
[Black "dalmatinac101"]
[Result "0-1"]
[WhiteElo "2551"]
[BlackElo "2806"]
[TimeControl "180+1"]
[EndTime "10:29:18 PDT"]
[Termination "dalmatinac101 won by resignation"]

1. Nf3 g6 2. g3 Bg7 3. Bg2 e5 4. d3 d5 5. O-O Nc6 6. e4 Nge7 7. Nc3 d4 8. Ne2 h6 9. Nd2 g5 10. f4 gxf4 11. gxf4 Rg8 12. Nf3 Bg4 13. Kh1 Qd7 14. f5 O-O-O 15. h3 Bxf3 16. Bxf3 Bf6 17. Bh5 Rg7 18. Rg1 Rxg1+ 19. Qxg1 Rg8 20. Qf2 Nd8 21. Bd2 Qc6 22. c4 Bg5 23. Bxg5 Rxg5 24. f6 Ng8 25. Bg4+ Kb8 26. Rf1 Rg6 27. Qh4 Rxf6 28. Kh2 a5 29. Ng3 Ka7 30. Rxf6 Qxf6 31. Qxf6 Nxf6 32. Nf5 h5 33.
Bd1 Ne6 34. Kg3 Nf4 35. Bc2 Nd7 36. Nxd4 h4+ 37. Kf3 Nxh3 38. Nb5+ Kb6 39. Kg4 Nf2+ 40. Kxh4 Nc5 41. d4 exd4 42. Nxd4 Nfxe4 43. Kg4 Nd6 44. b3 Na6 45. Kf4 Kc5 46. Nf3 Kb4 47. Ne5 Ka3 48.
Nd7 Kxa2 49. c5 Nb5 50. Bd3 Nd4 51. Ke5 Nc6+ 52. Kf6 Kxb3 53. Kxf7 a4 54. Bf5 Nd4 55. Be4 c6 56. Bd3 a3 0-1

[Event "*** Titled Tuesday Blitz"]
[Site "Chess.com"]
[Date "2020.04.21"]
[Round "3"]
[White "WinningButNotReally"]
[Black "EvgenyRomanov"]
[Result "0-1"]
[WhiteElo "2408"]
[BlackElo "2634"]
[TimeControl "180+1"]
[EndTime "10:29:18 PDT"]
[Termination "EvgenyRomanov won by resignation"]

1. Nf3 d5 2. c4 d4 3. b4 g6 4. Bb2 Bg7 5. e3 e5 6. exd4 e4 7. Ng1 Nc6 8. d3 Nxd4 9. Nd2 exd3 10. Bxd3 Ne7 11. Rb1 O-O 12. Ngf3 Bg4 13. O-O Nec6 14. b5 Nxf3+ 15. Nxf3 Ne5 16. Be2 Bxf3 17. Bxf3 Nxc4 18.
Bxg7 Kxg7 19. Bxb7 Rb8 20. Bd5 Nb6 21. Bb3 Qf6 22.
Qc2 Rbc8 23. Rbd1 c6 24. bxc6 Rxc6 25. Qd3 h5 26. Qd4 a5 27. h3 h4 28. Qxf6+ Kxf6 29.
Rd4 g5 30. Rfd1 Rfc8 31. Rd6+ Ke7 32. R6d4 Rc1 33. Rxc1 Rxc1+ 34. Kh2 Rf1 35. Re4+ Kf6 36. f3 Rf2 37. Rd4 Ke5 38. Re4+ Kf6 39. Rd4 Nc8 40.
Rd8 Ne7 41. Rd6+ Ke5 42. Ra6 Nf5 43. Rxa5+ Kf4 44. Ra4+ Ke3 45. Re4+ Kd3 46. Rg4 f6 47. Be6 Ne3 48. Re4 Rxg2+ 49. Kh1 Rf2 50. Bg4 f5 51.
Rxe3+ Kxe3 52. Bxf5 Rxf3 53. Bg4 Rf2 54. a4 Ra2 55. Kg1 Rxa4 56. Bd7 Rf4 57. Bc8 Rf2 58. Bd7 Rd2 59. Bg4 Kf4 60. Bd7 Rxd7 0-1

[Event "*** Titled Tuesday Blitz"]
[Site "Chess.com"]
[Date "2020.04.21"]
[Round "3"]
[White "elisak43"]
[Black "PetrolulSah"]
[Result "1-0"]
[WhiteElo "2389"]
[BlackElo "2193"]
[TimeControl "180+1"]
[EndTime "10:29:18 PDT"]
[Termination "elisak43 won on time"]

1. e4 e5 2. Nc3 Nf6 3. f4 d6 4. Nf3 Nc6 5. Bc4 Be6 6. Bxe6 fxe6 7. O-O exf4 8. d4 e5 9. d5 Ne7 10. Ng5 Ng6 11. Ne6 Qd7 12. Nb5 Rc8 13. Nxa7 Ra8 14.
Nb5 Rc8 15. Qd3 c6 16. dxc6 bxc6 17. Nxf8 Kxf8 18. Qxd6+ Qxd6 19. Nxd6 Rd8 20. Nc4 Rd4 21. b3 Rxe4 22. Ba3+ Ne7 23. Nd6 Re2 24. Nf5 Nd5 25. c4 g6 26. cxd5 gxf5 27. dxc6 Kf7 28. Rfc1 Rg8 29. g3 fxg3 30. h3 Rc8 31. c7 Nd5 32. b4 Rxc7 33. b5 Rxc1+ 34. Rxc1 Rxa2 35. Bd6 Ke6 36. Bc5 Rb2 37. b6 Nxb6 38. Bf8 Nd5 39. Rc6+ Kf7 40.
Bd6 Re2 41. Rc5 Ke6 42. Bf8 f4 43. Kf1 f3 44. Rc6+ 1-0

[Event "*** Titled Tuesday Blitz"]
[Site "Chess.com"]
[Date "2020.04.21"]
[Round "3"]
[White "MeetGoku"]
[Black "Anaj14"]
[Result "0-1"]
[WhiteElo "2313"]
[BlackElo "2293"]
[TimeControl "180+1"]
[EndTime "10:29:18 PDT"]
[Termination "Anaj14 won on time"]

1. e4 d6 2. d4 Nf6 3. Nc3 g6 4.
f4 Bg7 5. Nf3 O-O 6. e5 Nfd7 7.
h4 c5 8. Be3 cxd4 9. Bxd4 Nc6 10.
Bb5 Nxd4 11. Qxd4 dxe5 12. fxe5 Nxe5 13. O-O-O Qxd4 14. Nxd4 Bg4 15. Rde1 a6 16. Be2 Bxe2 17. Rxe2 e6 18. h5 Rad8 19. Rh4 Rd7 20. Kb1 Rfd8 21. h6 Bh8 22. Nb3 b5 23. a3 Nc4 24. a4 Bf6 25.
Rhe4 Nd6 26. Rg4 bxa4 27. Rxa4 Nf5 28. Rxa6 Bxc3 29. bxc3 Nxh6 30. c4 Nf5 31. c5 Nd4 32. Rd2 e5 33. Kb2 Rb8 34. Kc3 Nb5+ 35. Kc4 Rxd2 36.
Nxd2 Nc7 37. Ra7 Rc8 38. Ne4 Ne6 39. Kd5 Kg7 40. c6 h5 41. Rxf7+ Kxf7 42. Nd6+ Ke7 43. Nxc8+ Kd8 44. Kxe6 e4 0-1

[Event "*** Titled Tuesday Blitz"]
[Site "Chess.com"]
[Date "2020.04.21"]
[Round "3"]
[White "regular_legs"]
[Black "ShadowJolteon"]
[Result "1-0"]
[WhiteElo "2545"]
[BlackElo "2278"]
[TimeControl "180+1"]
[EndTime "10:29:19 PDT"]
[Termination "regular_legs won by resignation"]

1. d4 Nf6 2. Nf3 e6 3. Bf4 b6 4. e3 Bb7 5. Bd3 Be7 6. h3 O-O 7. O-O d5 8. Nbd2 Nbd7 9. c3 Rc8 10. a4 a5 11. Qe2 c5 12. Ne5 Ne4 13. Nxe4 dxe4 14.
Bb5 Nxe5 15. Bxe5 Bd6 16. Rfd1 Qc7 17. Bxd6 Qxd6 18. dxc5 Qxc5 19. Rd7 Bc6 20. Bxc6 Qxc6 21. Rad1 Qxa4 22. Qa6 Rc6 23. Qb7 g6 24. R1d4 Qb5 25. Rxe4 Rc5 26. Rxe6 Qxb2 27. Rf6 Qb3 28. Rxb6 Qxc3 29.
g3 a4 30. Ra6 a3 31. Qa7 Qc1+ 32. Kg2 Rc3 33. Rd4 Qb2 34. Rda4 Rc2 35. e4 Re8 36. Rxa3 Kg7 37. R6a4 Re7 38. Qd4+ Qxd4 39. Rxd4 Rd2 40.
Rxd2 1-0

[Event "*** Titled Tuesday Blitz"]
[Site "Chess.com"]
[Date "2020.04.21"]
[Round "3"]
[White "AcsinteMatei"]
[Black "amiralfio"]
[Result "1/2-1/2"]
[WhiteElo "2257"]
[BlackElo "2518"]
[TimeControl "180+1"]
[EndTime "10:29:19 PDT"]
[Termination "Game drawn by stalemate"]

1. d4 d5 2. Bf4 c5 3. c3 Nc6 4. e3 Qb6 5. Na3 a6 6. Qb3 Qxb3 7.
axb3 Ra7 8. Bc7 Nf6 9. Bb6 Ra8 10. Nb5 Rb8 11. Bc7 Ra8 12. dxc5 e5 13. Nd6+ Bxd6 14. Bxd6 Ne4 15. b4 Nxd6 16. cxd6 Kd7 17. b5 Na7 18. bxa6 bxa6 19. Bxa6 Nc6 20. Bxc8+ Rhxc8 21. Rd1 Kxd6 22. Nf3 Rcb8 23. c4 Ra5 24. O-O Rxb2 25.
cxd5 Rxd5 26. e4 Rxd1 27. Rxd1+ Ke6 28. Rc1 Nd4 29. Rd1 Nxf3+ 30. gxf3 h5 31. Kg2 g5 32. h4 f6 33. Rh1 g4 34. fxg4 hxg4 35. h5 Kf7 36.
Rh4 Kg7 37. Rxg4+ Kh6 38. Rg6+ Kxh5 39. Rxf6 Rb5 40. Kg3 Kg5 41. Rf5+ Kg6 42. f4 exf4+ 43. Kxf4 Rxf5+ 44. exf5+ Kf6 45. Ke4 Kf7 46. Ke5 Ke7 47.
f6+ Kf7 48. Kf5 Kf8 49. Kg6 Kg8 50. Kf5 Kf7 51. Ke5 Kf8 52. Ke6 Ke8 53. Kf5 Kf7 54.
Kg5 Kf8 55. Kg6 Kg8 56. f7+ Kf8 57. Kf6 1/2-1/2

[Event "*** Titled Tuesday Blitz"]
[Site "Chess.com"]
[Date "2020.04.21"]
[Round "3"]
[White "Bulldog167"]
[Black "Skatchkov_V"]
[Result "1-0"]
[WhiteElo "2771"]
[BlackElo "2557"]
[TimeControl "180+1"]
[EndTime "10:29:20 PDT"]
[Termination "Bulldog167 won on time"]

1. d4 Nf6 2. c4 e6 3. Nf3 b6 4.
Bf4 Bb7 5. e3 Be7 6. Nc3 O-O 7.
h3 d5 8. cxd5 Nxd5 9. Nxd5 Qxd5 10. a3 c5 11. dxc5 Qxc5 12. Rc1 Qa5+ 13. Qd2 Qxd2+ 14.
Nxd2 Nc6 15. Bd3 Rac8 16. Ke2 Rfd8 17. Bg3 Bf6 18. Nc4 Ba6 19. Rhd1 Bxc4 20. Rxc4 Bxb2 21. Rb1 Bxa3 22. Ra4 Bc5 23. Ba6 Rb8 24. Bxb8 Nxb8 25. Bb5 a5 26. Rd1 Rxd1 27. Kxd1 Kf8 28. Ke2 Ke7 29. Rh4 h6 30. Rg4 g6 31. Rh4 h5 32.
g4 hxg4 33. hxg4 Bb4 34. Rh8 Nd7 35. Ra8 Nc5 36. g5 Bc3 37. f4 e5 38. Ra7+ Ke6 39.
Bc4+ Kd6 40. Bxf7 exf4 41. exf4 Ne6 42. Kf3 Nc7 43. Bxg6 b5 44. f5 a4 45. f6 Bd4 46.
f7 1-0